[Event "Early-Titled-Tuesday-Blitz-February-13-2024"]
[Site "Chess.com"]
[Date "2024.02.13"]
[Round "2"]
[White "m_ezat"]
[Black "maurovargas01"]
[Result "1-0"]
[WhiteElo "2433"]
[BlackElo "1879"]
[TimeControl "180+1"]
[EndTime "8:19:19 PST"]
[Termination "m_ezat won by resignation"]

1. d4 d5 2. c4 c6 3. Nc3 e6 4. e4 dxe4 5. Nxe4 Nf6 6. Nxf6+ Qxf6 7. Nf3 h6 8. Bd3 b6 9. O-O Bb7 10. Qe2 Bd6 11. Ne5 O-O 12. f4 Na6 13. a3 Nc7 14. Qe4 g6 15. Nd7 Qg7 16. Nxf8 Rxf8 17. b4 Ba8 18. Qe3 Ne8 19. Bb2 Kh7 20. Bc3 Be7 21.
d5 Bf6 22. Bxf6 Nxf6 23. dxe6 Re8 24.
f5 c5 25. b5 Ng4 26. exf7 Rxe3 27. fxg6+ Kh8 28. f8=Q+ Qxf8 29. Rxf8+ Kg7 30. Rxa8 Rxd3 31. Rxa7+ Kxg6 32. Ra6 Rd6 33. a4 h5 34. a5 Rd4 35.
axb6 Rxc4 36. b7+ 1-0

[Event "Early-Titled-Tuesday-Blitz-February-13-2024"]
[Site "Chess.com"]
[Date "2024.02.13"]
[Round "2"]
[White "Igor_Lysyj"]
[Black "Yeritsyaan"]
[Result "0-1"]
[WhiteElo "2852"]
[BlackElo "2614"]
[TimeControl "180+1"]
[EndTime "8:19:21 PST"]
[Termination "Yeritsyaan won by resignation"]

1. d4 Nf6 2. c4 c5 3. d5 b5 4. cxb5 e6 5. dxe6 fxe6 6. Nc3 d5 7. g3 Bb7 8. Bg2 Be7 9. Nh3 O-O 10. O-O Nbd7 11. Nf4 Qb6 12. Na4 Qd6 13. Bh3 e5 14.
Ne6 Rfc8 15. Bg5 d4 16. Bxf6 Nxf6 17. Ng5 h6 18. Bxc8 Rxc8 19. Nf3 e4 20. Ne1 Qd5 21. Rc1 Qh5 22. Ng2 Bd6 23. b4 Qh3 24. f3 exf3 25.
exf3 Ng4 26. Rf2 Qxh2+ 27. Kf1 Nxf2 28. Kxf2 Bxg3+ 29. Ke2 Qxg2+ 30. Kd3 Bxf3 31. Qf1 c4+ 32. Kxd4 Qd2+ 0-1

[Event "Early-Titled-Tuesday-Blitz-February-13-2024"]
[Site "Chess.com"]
[Date "2024.02.13"]
[Round "2"]
[White "Barbix1"]
[Black "ProChessWICTH"]
[Result "1-0"]
[WhiteElo "2313"]
[BlackElo "2514"]
[TimeControl "180+1"]
[EndTime "8:19:21 PST"]
[Termination "Barbix1 won by resignation"]

1. d4 Nf6 2. Nf3 e6 3. Bf4 d5 4. e3 Bd6 5. Ne5 Nbd7 6. Nd2 O-O 7. Bd3 c5 8. c3 Qc7 9. Ndf3 Nh5 10. Bxh7+ Kh8 11.
Bd3 Nxf4 12. exf4 Nf6 13. Ng5 cxd4 14. cxd4 Kg8 15. O-O g6 16. Qf3 Kg7 17. Qg3 Nh5 18. Qh4 Qb6 19. Ngxf7 Rxf7 20. Nxf7 Kxf7 21. Qg5 Nf6 22.
Qxg6+ Ke7 23. Qg7+ Kd8 24. Qxf6+ Kc7 25. Rac1+ Kb8 26.
Qh8 Bc7 27. f5 e5 28. f6 a6 1-0

[Event "Early-Titled-Tuesday-Blitz-February-13-2024"]
[Site "Chess.com"]
[Date "2024.02.13"]
[Round "2"]
[White "amanjazu"]
[Black "Sokoloco"]
[Result "0-1"]
[WhiteElo "2509"]
[BlackElo "2767"]
[TimeControl "180+1"]
[EndTime "8:19:24 PST"]
[Termination "Sokoloco won on time"]

1. g3 e5 2. Bg2 d5 3. d4 e4 4. c4 c6 5. Nc3 Be6 6. f3 f5 7. Nh3 Nf6 8. O-O Be7 9. Bg5 O-O 10. Nf4 Bf7 11. Qb3 Qd7 12. fxe4 dxc4 13. Qd1 Nxe4 14. Nxe4 fxe4 15. Bxe7 Qxe7 16. Qc2 Re8 17. e3 Nd7 18. Ne2 Nf6 19. Nc3 Bd5 20. Rf4 b5 21. Raf1 b4 22.
Na4 Nd7 23. Rg4 Rf8 24. Bxe4 Nf6 25. Rxf6 Rxf6 26. Bxh7+ Kh8 27. e4 Be6 28. Rh4 Rh6 29.
Rxh6 gxh6 30. Bg6 Qg5 31. e5 Rf8 32. Nc5 Bh3 0-1

[Event "Early-Titled-Tuesday-Blitz-February-13-2024"]
[Site "Chess.com"]
[Date "2024.02.13"]
[Round "2"]
[White "Zavgorodniy_Sergiy"]
[Black "MarcoRiehle"]
[Result "1/2-1/2"]
[WhiteElo "2604"]
[BlackElo "2860"]
[TimeControl "180+1"]
[EndTime "8:19:25 PST"]
[Termination "Game drawn by repetition"]

1. d4 d5 2. c4 e6 3. Nf3 Nf6 4. e3 Be7 5. Nbd2 O-O 6. Bd3 b6 7. O-O Bb7 8. Qe2 Nbd7 9. e4 dxe4 10. Nxe4 Nxe4 11. Bxe4 Bxe4 12. Qxe4 Nf6 13. Qe2 c5 14. Rd1 Qc7 15. b3 Rad8 16. Bb2 Rd7 17. Ne5 Rdd8 18.
Rd3 cxd4 19. Bxd4 Bc5 20. Rad1 Bxd4 21. Rxd4 Rxd4 22. Rxd4 Rd8 23. Qd3 Rxd4 24. Qxd4 h6 25. Kf1 Qe7 26. h3 Qa3 27. Qd8+ Kh7 28. Qd3+ g6 29. Nxf7 Qxa2 30. Qd8 Qa1+ 31. Ke2 Qb2+ 32. Qd2 Qxd2+ 33. Kxd2 Ne4+ 34. Ke3 Nc5 35. b4 Nd7 36.
Nd6 a5 37. bxa5 bxa5 38. Kd4 Kg7 39. c5 Nb8 40. Kc4 a4 41. Nb5 Kf6 42. Kb4 Na6+ 43. Kc4 Nb8 44. Na3 Ke5 45. Kb5 Kd5 46. Nc4 Kd4 47. Na3 Kd5 48. Nc4 Kd4 49. Na3 Kd5 1/2-1/2

[Event "Early-Titled-Tuesday-Blitz-February-13-2024"]
[Site "Chess.com"]
[Date "2024.02.13"]
[Round "2"]
[White "DrCeltic"]
[Black "Alen_Yeremyann"]
[Result "0-1"]
[WhiteElo "2563"]
[BlackElo "2794"]
[TimeControl "180+1"]
[EndTime "8:19:25 PST"]
[Termination "Alen_Yeremyann won by resignation"]

1. e4 c5 2. Nf3 Nc6 3. d4 cxd4 4. Nxd4 Nf6 5. Nc3 e5 6. Ndb5 d6 7. Bg5 a6 8. Na3 b5 9. Nd5 Be7 10. Bxf6 Bxf6 11. c3 Ne7 12. Nc2 Nxd5 13. Qxd5 Be6 14.
Qc6+ Ke7 15. Qb7+ Qd7 16. Qxd7+ Kxd7 17. Be2 Bg5 18. h4 Bh6 19. Rd1 Bxa2 20. Nb4 Bb3 21. Rd3 g6 22. Nd5 Rab8 23. Bg4+ Kd8 24. Nb4 Rb6 25. Nd5 Bxd5 26. Rxd5 Ke7 27. Ke2 b4 28. c4 b3 29. Ra1 Rc6 30. Kd3 Rb8 31. Ra4 Bc1 32. Kc3 h5 33. Bd1 Rcb6 34. Rda5 f5 35. exf5 gxf5 36. Rxa6 Rxa6 37. Rxa6 Rg8 38. g3 f4 39.
Ra7+ Kf6 40. Bxh5 fxg3 41. Rf7+ Ke6 42. fxg3 Rxg3+ 43. Rf3 Rg2 44. Kxb3 e4 45. Rf8 Bxb2 46. Re8+ Kf5 47. Bf7 Be5 48. Bd5 Rb2+ 49. Ka3 e3 50. Bf3 e2 51. Bxe2 Rxe2 52. Kb4 Bc3+ 0-1

[Event "Early-Titled-Tuesday-Blitz-February-13-2024"]
[Site "Chess.com"]
[Date "2024.02.13"]
[Round "2"]
[White "secretsuperstar7"]
[Black "theoneandonlydaaevik"]
[Result "1-0"]
[WhiteElo "2517"]
[BlackElo "2226"]
[TimeControl "180+1"]
[EndTime "8:19:25 PST"]
[Termination "secretsuperstar7 won on time"]

1. c4 Nf6 2. Nc3 e6 3. e4 d5 4. e5 d4 5. exf6 dxc3 6. bxc3 Qxf6 7. d4 b6 8. Be2 Bb7 9. Bf3 Bxf3 10. Nxf3 Bd6 11. Qa4+ c6 12. O-O O-O 13. Be3 Rc8 14. Rfd1 Nd7 15. Rab1 a6 16. c5 b5 17. Qc2 Bf4 18. Qe4 Bxe3 19. fxe3 Rab8 20. Rf1 Qg6 21. Qf4 f6 22. Qd6 Qe8 23. Qg3 Rb7 24. Nd2 e5 25.
Ne4 Qe6 26. Nd6 Rbc7 27. Nxc8 Rxc8 28. Qf3 e4 29. Qf4 Qxa2 30. Qxe4 Kf7 31. Ra1 Qe6 32.
Qxe6+ Kxe6 33. Rxa6 Kd5 34. Re1 Kc4 35. Ra3 Nb8 36. Kf2 Re8 37. Ke2 Nd7 38. Rb1 f5 39. Rb4+ Kd5 40. Ra7 Re7 41. g3 g5 42. Kd2 1-0

[Event "Early-Titled-Tuesday-Blitz-February-13-2024"]
[Site "Chess.com"]
[Date "2024.02.13"]
[Round "2"]
[White "Azerichess"]
[Black "karinachess1"]
[Result "1-0"]
[WhiteElo "3071"]
[BlackElo "2682"]
[TimeControl "180+1"]
[EndTime "8:19:27 PST"]
[Termination "Azerichess won by resignation"]

1. d4 Nf6 2. Bg5 e6 3. e4 h6 4. Bxf6 Qxf6 5. Nc3 b6 6. e5 Qd8 7. Nf3 Bb7 8. Bd3 Be7 9. Qe2 d5 10. exd6 cxd6 11. O-O-O Nd7 12. Kb1 Nf6 13. Bb5+ Kf8 14. Ba6 Qc8 15. Bxb7 Qxb7 16. Rhe1 d5 17. Ne5 Bd6 18. Qf3 b5 19. Ne2 Bxe5 20. dxe5 Ne4 21. Nd4 Kg8 22. Qe3 Rc8 23. f3 Nc5 24. g4 Na4 25. h4 Qb6 26. h5 Rc4 27. f4 Rb4 28. b3 Qc5 29. Rd3 Nb6 30. Ka1 a5 31. c3 Rxd4 32. Qxd4 Qc6 33. f5 Kh7 34. Rf3 Rc8 35.
f6 b4 36. fxg7 bxc3 37. Rxf7 c2 38. Rc1 Nd7 39. Rf2 Kxg7 40. Rfxc2 Qxc2 41. Rxc2 Rxc2 42. Qa7 1-0

[Event "Early-Titled-Tuesday-Blitz-February-13-2024"]
[Site "Chess.com"]
[Date "2024.02.13"]
[Round "2"]
[White "iwanyu"]
[Black "SashaKuzhilniy"]
[Result "1-0"]
[WhiteElo "2871"]
[BlackElo "2598"]
[TimeControl "180+1"]
[EndTime "8:19:28 PST"]
[Termination "iwanyu won by checkmate"]

1. d4 d5 2. c4 e6 3. Nf3 Nf6 4. g3 Bb4+ 5. Nc3 dxc4 6. Bg2 a6 7.
Qa4+ Nc6 8. Ne5 O-O 9. Nxc6 Bxc3+ 10. bxc3 bxc6 11. Qxc6 Rb8 12. Qxc4 Bd7 13. a4 a5 14. O-O Rb6 15. Ba3 Re8 16. Bc5 Rb2 17. Ba3 Rb6 18. e4 Qb8 19. h3 Bc6 20. Rfe1 h6 21.
d5 Bd7 22. Bc5 exd5 23. exd5 Rxe1+ 24. Rxe1 Rb1 25. Rxb1 Qxb1+ 26. Kh2 Qd1 27. Bd4 Ne8 28. Qc5 Qxa4 29. Qe7 Bb5 30. Bc5 Qc4 31. Qf8+ Kh7 32. Bd4 Qd3 33. Qxf7 a4 34. Qe7 Kh8 35. Be4 Qe2 36. Qf8# 1-0

[Event "Early-Titled-Tuesday-Blitz-February-13-2024"]
[Site "Chess.com"]
[Date "2024.02.13"]
[Round "2"]
[White "DIMONBANAN"]
[Black "Maitreia"]
[Result "1/2-1/2"]
[WhiteElo "2561"]
[BlackElo "2779"]
[TimeControl "180+1"]
[EndTime "8:19:28 PST"]
[Termination "Game drawn - insufficient material"]

1. e4 c5 2. Nf3 g6 3. d4 cxd4 4. Nxd4 Bg7 5. c4 Nc6 6. Be3 Qb6 7. Nb3 Qd8 8. Nc3 Bxc3+ 9. bxc3 Nf6 10. f3 O-O 11. c5 b6 12. Be2 bxc5 13. Bxc5 d5 14.
exd5 Qxd5 15. O-O Be6 16. Qxd5 Nxd5 17. Rac1 Rac8 18. Ba6 Rc7 19. Nd4 Nxd4 20. cxd4 Rb8 21. Rb1 Rxb1 22. Rxb1 Nb6 23. a3 Rc6 24. Kf2 Kf8 25.
a4 Bc4 26. Bxc4 Nxc4 27. Bxa7 Ra6 28. Bc5 Rxa4 29. Re1 Nd6 30. Re2 Ra6 31. g4 e6 32.
Kg3 Ke8 33. d5 Nc4 34. dxe6 Rxe6 35. Rxe6+ fxe6 36. Bd4 Ke7 37. Kf4 Kd6 38. Bg7 e5+ 39. Ke4 Ke6 40. h4 Nd6+ 41. Ke3 Nc4+ 42. Ke4 Nd6+ 43.
Ke3 Ne8 44. Bh8 h5 45. gxh5 gxh5 46. f4 Nd6 47. fxe5 Nf5+ 48. Kf4 Nxh4 49. Kg5 Nf3+ 50.
Kxh5 Nxe5 1/2-1/2

[Event "Early-Titled-Tuesday-Blitz-February-13-2024"]
[Site "Chess.com"]
[Date "2024.02.13"]
[Round "2"]
[White "ATM622"]
[Black "Zurability"]
[Result "0-1"]
[WhiteElo "2436"]
[BlackElo "2741"]
[TimeControl "180+1"]
[EndTime "8:19:28 PST"]
[Termination "Zurability won by checkmate"]

1. d4 Nf6 2. c4 e6 3. g3 d5 4. Bg2 Be7 5. Nf3 O-O 6. O-O dxc4 7.
Ne5 Nc6 8. Bxc6 bxc6 9. Nxc6 Qe8 10. Nxe7+ Qxe7 11. Qc2 c5 12. b3 Bb7 13. dxc5 Rfc8 14. Ba3 cxb3 15. axb3 Qc7 16. Nc3 Qe5 17. Rad1 Ng4 18.
e4 Qh5 19. f3 Ne3 20. Qe2 Nxf1 21. Rxf1 Rxc5 22. Qe3 Rc6 23. e5 Rac8 24. Bb4 Ba6 25. Rd1 h6 26. Ra1 Qf5 27. Ne4 Rc2 28. Re1 Rb2 29.
g4 Qg6 30. Nd6 Rcc2 31. h4 Rg2+ 32. Kh1 Rh2+ 33. Kg1 Rbg2# 0-1

[Event "Early-Titled-Tuesday-Blitz-February-13-2024"]
[Site "Chess.com"]
[Date "2024.02.13"]
[Round "2"]
[White "N_I_Chess"]
[Black "VomDingJetztHer"]
[Result "1-0"]
[WhiteElo "2292"]
[BlackElo "2506"]
[TimeControl "180+1"]
[EndTime "8:19:28 PST"]
[Termination "N_I_Chess won on time"]

1. d4 Nf6 2. c4 e6 3. Nc3 d5 4.
cxd5 exd5 5. Bg5 c6 6. Qc2 Be7 7. e3 O-O 8. Bd3 h6 9. Bh4 Re8 10. Nge2 Nbd7 11. O-O Nf8 12. f3 Ne6 13. Kh1 c5 14.
Rad1 cxd4 15. exd4 Nh5 16. Bxe7 Rxe7 17. Qd2 Nf6 18. Bb1 Bd7 19. Ng3 Nf8 20. Qd3 Qb6 21. Rf2 Rae8 22. Qd2 Qd6 23. Bf5 a6 24. Kg1 b5 25.
Re2 Rxe2 26. Ncxe2 Bxf5 27. Nxf5 Qe6 28. Nfg3 h5 29. Nf4 Qb6 30. Ngxh5 Nxh5 31. Nxh5 Ne6 32. Ng3 Rc8 33. Nf5 Rc7 34. Ne3 Qd6 35. g3 g6 36.
Qd3 Ng5 37. Kg2 Re7 38. h4 Ne6 39. Ng4 Kg7 40. Qe3 Nd8 41. Qh6+ Kg8 42. Rd2 Nc6 43.
Qg5 Qb4 44. Nf6+ Kg7 45. Nxd5 1-0

[Event "Early-Titled-Tuesday-Blitz-February-13-2024"]
[Site "Chess.com"]
[Date "2024.02.13"]
[Round "2"]
[White "bulletteemo"]
[Black "Roedor"]
[Result "1-0"]
[WhiteElo "2538"]
[BlackElo "2308"]
[TimeControl "180+1"]
[EndTime "8:19:29 PST"]
[Termination "bulletteemo won on time"]

1. e4 e5 2. Nf3 Nc6 3. Bc4 Bc5 4.
c3 Nf6 5. d4 exd4 6. b4 Be7 7.
e5 Ne4 8. b5 Na5 9. Bd5 Nxc3 10. Nxc3 dxc3 11. O-O c6 12. Be4 d5 13. exd6 Qxd6 14.
Qc2 cxb5 15. Rd1 Qc7 16. Bxh7 Bg4 17. h3 Bxf3 18. gxf3 g6 19. Bxg6 Rg8 20. Qf5 Rxg6+ 21. Kh1 Qc8 22. Qxb5+ Nc6 23. Qh5 Bf6 24. Ba3 Ne7 25.
Re1 Kf8 26. Re4 Qc7 27. Rae1 Re8 28. Qh7 Rg8 29. Qh6+ Bg7 30. Rxe7 Rxe7 31. Rxe7 1-0

[Event "Early-Titled-Tuesday-Blitz-February-13-2024"]
[Site "Chess.com"]
[Date "2024.02.13"]
[Round "2"]
[White "Pertinhez76"]
[Black "rhungaski"]
[Result "0-1"]
[WhiteElo "2175"]
[BlackElo "2488"]
[TimeControl "180+1"]
[EndTime "8:19:29 PST"]
[Termination "rhungaski won on time"]

1. d4 g6 2. Nf3 Bg7 3. c4 d6 4. Nc3 Nf6 5. e4 O-O 6. Be2 e5 7. dxe5 dxe5 8. Qxd8 Rxd8 9. Bg5 c6 10. Nxe5 Re8 11.
O-O-O Nbd7 12. f4 Nxe5 13. fxe5 Nd7 14. h4 Nxe5 15. Kc2 a5 16. b3 Ng4 17. Bxg4 Bxg4 18.
Rd2 h6 19. Be3 a4 20. Bd4 axb3+ 21. axb3 Bf8 22. Kb2 Ba3+ 23. Kc2 Bb4 24. Re1 b5 25. c5 f5 26. e5 f4 27. Rf1 Bf5+ 28. Kd1 Ra1+ 29.
Ke2 Rxf1 30. Kxf1 Rd8 31. e6 Bxe6 32. Rd3 Bxb3 33. Ne2 Bc4 0-1

[Event "Early-Titled-Tuesday-Blitz-February-13-2024"]
[Site "Chess.com"]
[Date "2024.02.13"]
[Round "2"]
[White "mary-sanna"]
[Black "Cirky"]
[Result "0-1"]
[WhiteElo "2163"]
[BlackElo "2479"]
[TimeControl "180+1"]
[EndTime "8:19:29 PST"]
[Termination "Cirky won on time"]

1. d4 Nf6 2. c4 e6 3. Nf3 d5 4. g3 Bb4+ 5. Bd2 Be7 6. Bg2 O-O 7. Nc3 c6 8. O-O Nbd7 9. Qc2 dxc4 10. Ne5 Nxe5 11. dxe5 Nd5 12. Be4 h6 13. a4 Rb8 14.
a5 b5 15. axb6 axb6 16. Ra7 b5 17. Qc1 Bc5 18. Ra1 f5 19. exf6 Qxf6 20. Bf3 Bd4 21. Ne4 Qg6 22. Rb1 e5 23. b3 Bf5 24. Nc3 Nxc3 25.
Bxc3 Bxc3 26. Qxc3 Bxb1 27. bxc4 Be4 28. cxb5 Bxf3 29.
exf3 cxb5 30. Qxe5 b4 31. Rc1 b3 32. Qd5+ Kh7 0-1

[Event "Early-Titled-Tuesday-Blitz-February-13-2024"]
[Site "Chess.com"]
[Date "2024.02.13"]
[Round "2"]
[White "Quattroporte300"]
[Black "AlexTruskavetsky"]
[Result "1-0"]
[WhiteElo "2418"]
[BlackElo "2727"]
[TimeControl "180+1"]
[EndTime "8:19:32 PST"]
[Termination "Quattroporte300 won by checkmate"]

1. e4 c5 2. Nf3 Nc6 3. d4 cxd4 4.
Nxd4 Nf6 5. Nc3 e6 6. Nxc6 bxc6 7. e5 Nd5 8. Ne4 f5 9. Ng5 Ba6 10. Bxa6 Qa5+ 11. Bd2 Qxa6 12. Qe2 Qxe2+ 13. Kxe2 h6 14. Nh3 g5 15. f4 g4 16. Nf2 h5 17. h3 g3 18. Nd3 h4 19. c4 Nc7 20. b4 Be7 21. a4 Kf7 22. b5 Rhb8 23. Rhb1 Ne8 24. Be3 Rc8 25. c5 Rab8 26. b6 axb6 27. cxb6 c5 28. a5 c4 29. Nb4 c3 30. Na6 c2 31.
Nxb8 cxb1=Q 32. Rxb1 Rxb8 33. a6 Rc8 34. b7 Rc2+ 35.
Kd3 Rxg2 36. b8=Q Ra2 37. a7 Ra3+ 38. Rb3 Rxb3+ 39. Qxb3 Nc7 40. Qa4 g2 41. a8=Q Nd5 42.
Qxd5 exd5 43. Qxd7 Kf8 44. Qxf5+ Ke8 45. Qg6+ Kd7 46.
Qxg2 Ke6 47. Qg4+ Kf7 48. f5 Bd8 49. Qg6+ Kf8 50. Bh6+ Ke7 51. Bg5+ Kd7 52. Qd6+ Ke8 53. Qxd8+ Kf7 54. e6+ Kg7 55. Qf6+ Kh7 56. Qg6+ Kh8 57. Bf6# 1-0

[Event "Early-Titled-Tuesday-Blitz-February-13-2024"]
[Site "Chess.com"]
[Date "2024.02.13"]
[Round "2"]
[White "bipe137"]
[Black "SkinnyPuppy8"]
[Result "1/2-1/2"]
[WhiteElo "2591"]
[BlackElo "2246"]
[TimeControl "180+1"]
[EndTime "8:19:32 PST"]
[Termination "Game drawn by stalemate"]

1. d4 d5 2. c4 e6 3. Nc3 c6 4. e4 dxe4 5. Nxe4 Bb4+ 6. Bd2 Qxd4 7. Bxb4 Qxe4+ 8. Be2 Nd7 9. Qd6 b6 10. Nf3 c5 11. Bc3 Ngf6 12. Rd1 h6 13. Bxf6 gxf6 14. Rd2 Qb7 15. O-O Qb8 16. Rfd1 Qxd6 17. Rxd6 Ke7 18. Nh4 Rb8 19. f4 f5 20. Nf3 Rb7 21. a3 Rc7 22. b4 cxb4 23. axb4 Bb7 24. Ne5 Nxe5 25. fxe5 Rg8 26. g3 f4 27. R1d3 fxg3 28. hxg3 Be4 29.
R3d4 Rxg3+ 30. Kf2 Rg2+ 31. Kf1 Bb7 32. Rd8 Rg5 33.
Rh8 Rf5+ 34. Ke1 Rxe5 35. Kf2 h5 36. Rh7 Rf5+ 37. Ke3 Rd7 38. Bxh5 Rxd4 39. Kxd4 a5 40. bxa5 bxa5 41. Bd1 Kd6 42. Ba4 e5+ 43. Ke3 Rf3+ 44. Ke2 Rf4 45. Bb5 Kc5 46. Ke3 Bc6 47. Ba6 a4 48. Rh5 f6 49. Kd3 a3 50. Kc2 a2 51.
Kb2 Rf2+ 52. Ka1 Be4 53. Bb5 Bd3 54. Rh3 Bxc4 55. Bxc4 Kxc4 56. Rc3+ Kxc3 1/2-1/2

[Event "Early-Titled-Tuesday-Blitz-February-13-2024"]
[Site "Chess.com"]
[Date "2024.02.13"]
[Round "2"]
[White "Aleksandar-Topalov"]
[Black "KbzasDavid16"]
[Result "0-1"]
[WhiteElo "2349"]
[BlackElo "2558"]
[TimeControl "180+1"]
[EndTime "8:19:32 PST"]
[Termination "KbzasDavid16 won by resignation"]

1. b3 e5 2. Bb2 Nc6 3. e3 Nf6 4. Bb5 Bd6 5. Na3 Be7 6. Nc4 e4 7. Bxc6 bxc6 8. Ne2 O-O 9. O-O d5 10. Ne5 Bb7 11. f4 c5 12. Ng3 Qc8 13. d3 exd3 14.
Qxd3 Rd8 15. Rfd1 Qe6 16. Qb5 Qb6 17. Qe2 a5 18. Nf5 Bf8 19. Ng3 c4 20. Bd4 c5 21.
Bc3 cxb3 22. axb3 d4 23. Bd2 Ne4 24. Nxe4 Bxe4 25. exd4 Bxc2 26. Rdc1 cxd4 27. Rxc2 d3+ 28. Be3 Qxb3 29. Rb2 dxe2 30. Rxb3 Rd1+ 31. Kf2 e1=Q+ 0-1

[Event "Early-Titled-Tuesday-Blitz-February-13-2024"]
[Site "Chess.com"]
[Date "2024.02.13"]
[Round "2"]
[White "Vigg-Sama"]
[Black "ejam94"]
[Result "0-1"]
[WhiteElo "2251"]
[BlackElo "2510"]
[TimeControl "180+1"]
[EndTime "8:19:32 PST"]
[Termination "ejam94 won by checkmate"]

1. e4 c5 2. Nf3 Nc6 3. Bb5 g6 4. Bxc6 bxc6 5. d4 cxd4 6. Qxd4 Nf6 7. c4 Bg7 8. Nc3 O-O 9. O-O d6 10. Qd3 Bg4 11. Bg5 Nd7 12. h3 Bxf3 13. Qxf3 Ne5 14. Qe2 h6 15. Bh4 Rb8 16. b3 g5 17. Bg3 Qd7 18. Rad1 Ng6 19. e5 Qe6 20. exd6 Bxc3 21. Qxe6 fxe6 22. dxe7 Nxe7 23. Bxb8 Rxb8 24. Rd6 Kf7 25.
Rfd1 Be5 26. Rd7 a5 27. Ra7 Bc3 28. Rdd7 Bb4 29. Rac7 Kf6 30. Kf1 Ra8 31. Rb7 Bc5 32. Ke2 h5 33. g3 g4 34. hxg4 hxg4 35. Rd3 Rh8 36. Rd2 Rh2 37. Kf1 Nf5 38. Kg1 Rh3 39. Kg2 Nd4 40. a3 Nf3 41. Rdd7 Rh2+ 42. Kf1 Rxf2# 0-1

[Event "Early-Titled-Tuesday-Blitz-February-13-2024"]
[Site "Chess.com"]
[Date "2024.02.13"]
[Round "2"]
[White "LikeWater"]
[Black "Irishchessman16"]
[Result "0-1"]
[WhiteElo "2749"]
[BlackElo "2518"]
[TimeControl "180+1"]
[EndTime "8:19:33 PST"]
[Termination "Irishchessman16 won by resignation"]

1. d4 Nf6 2. Nf3 d5 3. c4 e6 4.
Nc3 c5 5. cxd5 Nxd5 6. e3 Nc6 7.
Bb5 cxd4 8. exd4 Be7 9. O-O O-O 10. Bxc6 bxc6 11. Na4 Rb8 12. Re1 Nb6 13. Bd2 Nxa4 14.
Qxa4 Rxb2 15. Rac1 Bb7 16. Qxa7 Qa8 17. Qxa8 Rxa8 18.
Be3 Raxa2 19. Ne5 h6 20. Nxc6 Bxc6 21. Rxc6 Bh4 22. g3 Bg5 23. Bxg5 hxg5 24. Rf1 Rd2 25. Rc5 g4 26. Rc4 f5 27. Rc6 Kf7 28. Rc7+ Kf6 29. Rc6 Rxd4 30. Re1 Re4 31. Rxe4 fxe4 32. Rc4 Kf5 33.
Rc5+ e5 34. Rc7 g6 35. Rf7+ Kg5 36. Re7 Ra5 37. Kf1 Kf6 38. Re8 Ra2 39. Rf8+ Ke6 40. Rb8 Kd5 41. Rg8 e3 42. fxe3 Rxh2 43. Rxg6 Ke4 44.
Rxg4+ Kf3 45. Kg1 Rg2+ 46. Kh1 Rxg3 47. Ra4 Kxe3 48. Ra3+ Kf4 49. Ra8 e4 50. Kh2 Rg7 51.
Ra3 e3 52. Ra2 Kf3 53. Ra8 Kf2 54. Rf8+ Ke1 55. Re8 e2 56. Re6 Kf2 57. Rf6+ Ke1 58. Re6 Rf7 59. Kg2 Rf5 60. Kg3 Kd2 61. Rd6+ Ke3 62. Re6+ Kd3 63. Rd6+ Ke4 64. Re6+ Kd3 65. Rd6+ Kc2 66. Re6 Kd1 67. Rd6+ Ke1 68. Re6 Rf7 69. Re5 Kf1 0-1

[Event "Early-Titled-Tuesday-Blitz-February-13-2024"]
[Site "Chess.com"]
[Date "2024.02.13"]
[Round "2"]
[White "GrotBchess"]
[Black "Hanging_pointer"]
[Result "0-1"]
[WhiteElo "2368"]
[BlackElo "2611"]
[TimeControl "180+1"]
[EndTime "8:19:33 PST"]
[Termination "Hanging_pointer won by resignation"]

1. d4 c6 2. c4 d5 3. Nf3 Nf6 4. Nc3 dxc4 5. Ne5 b5 6. g3 b4 7. Nb1 Ng4 8. Nxc4 Qd5 9. f3 Qxc4 10. fxg4 Qd5 11. Rg1 Bxg4 12. Bg2 Qd7 13. Bf4 a5 14. Qc2 Qe6 15. Bxb8 Rxb8 16. Qxc6+ Qxc6 17. Bxc6+ Bd7 18. Bxd7+ Kxd7 19. Nd2 g6 20. Nc4 Bg7 21. e3 a4 22.
Ke2 Rhc8 23. Rgc1 Rc6 24. Nd2 Rbc8 25. Rxc6 Rxc6 26. Kd3 e5 27. d5 Rc5 28. e4 f5 29.
b3 Rc3+ 30. Ke2 a3 31. Rf1 Bh6 32. Nf3 Rc2+ 33. Kd3 Rc3+ 34. Ke2 Re3+ 35. Kf2 Rxe4 36. Rd1 Be3+ 37. Kg2 Bc5 38. Kf1 Kd6 39. Nd2 Rd4 40. Nc4+ Kxd5 41. Re1 e4 42. Re2 Rxc4 43. bxc4+ Kxc4 44. Rc2+ Kd5 45. Ke2 g5 46. Rd2+ Bd4 47. Rc2 Bc3 48. Ke3 Ke5 49. Ke2 f4 50. gxf4+ gxf4 51. Rc1 f3+ 52. Ke3 Bd4+ 53. Kd2 Kf4 54. Rc8 Bc3+ 55.
Kd1 e3 56. Rf8+ Ke4 57. Re8+ Kd3 58. Rd8+ Bd4 59. Ke1 e2 60. Rf8 Bc3+ 61. Kf2 e1=Q+ 62. Kxf3 Qf1+ 63. Kg4 Qxf8 0-1

[Event "Early-Titled-Tuesday-Blitz-February-13-2024"]
[Site "Chess.com"]
[Date "2024.02.13"]
[Round "2"]
[White "Agibileg"]
[Black "PedroGil25"]
[Result "0-1"]
[WhiteElo "2731"]
[BlackElo "2425"]
[TimeControl "180+1"]
[EndTime "8:19:34 PST"]
[Termination "PedroGil25 won by resignation"]

1. d4 Nf6 2. c4 e6 3. Nc3 Bb4 4. e3 O-O 5. Bd3 Bxc3+ 6. bxc3 d6 7. e4 e5 8. Bg5 Nbd7 9. Ne2 h6 10. Bh4 Re8 11. O-O c5 12. f4 exd4 13. cxd4 cxd4 14.
Kh1 Qa5 15. Nxd4 Nxe4 16. Nb5 Ndc5 17. f5 a6 18. Bxe4 Nxe4 19. Nxd6 Nxd6 20. Qxd6 Bxf5 21.
Rae1 Bg6 22. Be7 Qxa2 23. c5 Rac8 24. h4 Qc4 25. Qe5 a5 26. h5 Rxe7 27. Qxe7 Bxh5 28. Rf5 Bg6 29. Rfe5 Kh7 30. Qxb7 Rxc5 31. Rxc5 Qxc5 32. Qa6 Qb4 33. Qe2 a4 34. Ra1 f6 35. Qa2 Be8 36.
Qb1+ Qxb1+ 37. Rxb1 Bf7 38. Ra1 Bb3 39. Kg1 g5 40. Kf2 Kg6 41. Ke3 h5 42. Kd4 h4 43.
Kc3 g4 44. Rf1 Kg5 45. Re1 f5 46. Re7 Kf4 47. Rh7 Kg3 48. Kd4 Kxg2 49. Ke5 a3 50. Kxf5 a2 51. Ke5 a1=Q+ 0-1

[Event "Early-Titled-Tuesday-Blitz-February-13-2024"]
[Site "Chess.com"]
[Date "2024.02.13"]
[Round "2"]
[White "SlavenPastar"]
[Black "Chempiblinka"]
[Result "1-0"]
[WhiteElo "2608"]
[BlackElo "2366"]
[TimeControl "180+1"]
[EndTime "8:19:34 PST"]
[Termination "SlavenPastar won on time"]

1. b3 Nf6 2. Bb2 g6 3. Nf3 Bg7 4. e3 O-O 5. c4 c5 6. Nc3 d5 7. cxd5 Nxd5 8. a3 Nc6 9. Be2 b6 10. O-O Bb7 11. Qc2 Rc8 12. Rac1 e6 13. Qb1 Qd7 14. Nxd5 Qxd5 15. Bxg7 Kxg7 16. b4 cxb4 17.
axb4 Rfd8 18. d4 Qd6 19. b5 Nb4 20. Ne5 Nd5 21. Bf3 f6 22. Nc4 Qe7 23. Qb2 Rb8 24.
Ra1 Ba8 25. Ra4 Rd7 26. Rfa1 Rbd8 27. e4 Nf4 28. Nxb6 Nd3 29. Qc3 axb6 30. Qxd3 Bb7 31. h3 1-0

[Event "Early-Titled-Tuesday-Blitz-February-13-2024"]
[Site "Chess.com"]
[Date "2024.02.13"]
[Round "2"]
[White "MaxLeto"]
[Black "LuisFSiles"]
[Result "1-0"]
[WhiteElo "2512"]
[BlackElo "2254"]
[TimeControl "180+1"]
[EndTime "8:19:34 PST"]
[Termination "MaxLeto won by resignation"]

1. g4 c6 2. Bg2 d6 3. h3 Nd7 4. d4 e5 5. c4 g6 6. Nc3 Bg7 7. Nf3 Ngf6 8. e4 h5 9. g5 Nh7 10. Be3 f6 11. Qd2 Nb6 12. b3 fxg5 13.
dxe5 g4 14. hxg4 hxg4 15. Ng5 Nxg5 16. Rxh8+ Bxh8 17. Bxg5 Qd7 18. exd6 Qg7 19. Rc1 Nd7 20. Ne2 Ne5 21. Nf4 Nf3+ 22. Bxf3 gxf3 23. Qd3 Qe5 24. Bh6 Bf5 25. Rd1 O-O-O 26. Qe3 Bxe4 27. Kf1 Kd7 28. Qxa7 c5 29. Qb6 Rc8 30. Qb5+ Bc6 31. Qb6 g5 32.
Re1 Be4 33. Bxg5 Rc6 34. Qxb7+ Ke8 35. Qe7+ Qxe7 36. Bxe7 Bd3+ 37. Nxd3 Rxd6 38. Bxd6+ Kd7 39. Bxc5 Bd4 40. Re3 Bxe3 41. Bxe3 1-0